 Dungeon Crawl Stone Soup version 0.30-a0-269-gf0224bf7b6 (webtiles) character file.

Game seed: 10675359085478124004

236 Anon1729 the Trooper (level 5, -18/42 HPs)
             Began as a Mummy Monk on Oct 14, 2022.
             Demolished by an ogre
             ... wielding a +0 giant spiked club
              (23 damage)
             ... on level 4 of the Dungeon.
             The game lasted 00:05:29 (3989 turns).

Anon1729 the Trooper (Mummy Monk)                   Turns: 3989, Time: 00:05:30

Health: -18/42     AC:  5    Str: 17    XL:     5   Next: 77%
Magic:  5/5        EV: 11    Int:  9    God:
Gold:   223        SH:  4    Dex: 14    Spells: 4/4 levels left

rFire   x . .      SeeInvis .    m - +0 trident
rCold   + . .      Faith    +    j - +0 buckler
rNeg    + + +      Spirit   .    h - +0 ring mail
rPois   ∞          Reflect  .    (no helmet)
rElec   .          Harm     .    i - scarf {repulsion}
rCorr   +          Rampage  .    (no gloves)
Will    .....                    (no boots)
Stlth   +.........               (no amulet)
HPRegen 0.27/turn                l - ring of resist corrosion
MPRegen 0.09/turn                (no ring)

@: repel missiles
A: cold resistance 1, negative energy resistance 3, torment resistance 2, heat
vulnerability 1, in touch with death 1, no potions, faith
a: no special abilities


You were on level 4 of the Dungeon.
You visited 1 branch of the dungeon, and saw 4 of its levels.

You collected 223 gold pieces.

Inventory:

Hand Weapons
 a - a +0 spear
 m - a +0 trident (weapon)
Missiles
 k - 15 poisoned darts (quivered)
Armour
 b - a +0 robe
 h - a +0 ring mail (worn)
 i - a scarf of repulsion (worn)
 j - a +0 buckler (worn)
Jewellery
 l - a ring of resist corrosion (left hand)
Wands
 f - a wand of roots (2)
Scrolls
 c - a scroll of amnesia {unknown}
 d - 2 scrolls of identify {unknown}
 e - a scroll of vulnerability {unknown}
 g - a scroll of immolation {unknown}
 n - 2 scrolls of enchant armour {unknown}


   Skills:
 + Level 3.9 Fighting
 + Level 3.1 Polearms
 + Level 1.8 Armour
 + Level 3.2 Dodging
 + Level 2.6 Stealth
 + Level 0.9 Shields


You had 4 spell levels left.
You didn't know any spells.
Your spell library was empty.

Dungeon Overview and Level Annotations

Branches:
Dungeon (4/15)
 Temple: D:4-7

Altars:

Shops:
D:3 =

Annotations:
D:4 Blork the orc


Innate Abilities, Weirdness & Mutations

You are immune to poison.
Your flesh is cold resistant. (rC+)
You are immune to negative energy. (rN+++)
You are immune to unholy pain and torment.
You are vulnerable to heat. (rF-)
You are in touch with the powers of death.
You do not drink.
You have a special connection with the divine. (Faith)


Message History

The magic dart hits you.
You climb upwards.
Reactivating autopickup.
There is a stone staircase leading down here.
HP restored.
There is a stone staircase leading down here.
You climb downwards.
There is a stone staircase leading up here.
Found a trident.
You see here a +0 trident.
Blork the orc comes into view.
He is wielding a +1 long sword of holy wrath.
Blork the orc frowns.
Blork the orc is nearby!
Blork the orc is nearby!
The ogre shouts!
The ogre barely misses you.
Blork the orc gestures at you while chanting.
The puff of flame hits you! The fire burns you terribly!
The ogre attacks as you move away! The ogre closely misses you.
Blork the orc mumbles some strange words.
Blork the orc seems to speed up.
Blork the orc looks encouraged for a moment.
You closely miss the ogre.
The ogre is lightly wounded.
Blork the orc casts a cantrip, but nothing happens.
The ogre hits you with a +0 giant spiked club!!
Ouch! That really hurt!
* * * LOW HITPOINT WARNING * * *
That's the wrong kind of item! (Use * to select it.) Evoke which item? (* to show all) (? for menu, Esc to quit)
Aiming: Fastroot
Press: ? - help, Shift-Dir - straight line The roots erupt in riotous growth!
Roots grab the ogre.
The grasping roots constrict the ogre.
You hear a shout!
Blork the orc grins evilly.
The ogre hits you with a +0 giant spiked club!!
Ouch! That really hurt!
You die...

#### #.#................. ##..#
##.......#.........#.
#...#####...###.##.........#.
#..###.##...###.#..........#.
##.......................##..
#.)#...#..................... .#
##.#..##..#..................
...
#.........#..................
....#..#####.##.@#.........#....
.......#.#.#....O........###....
............o..#.###).....# #.
.....######..##...#....<.###.##
..... ######......#....#..###
..... #....#####.......# ......#
#### ##.....# ##........ ......
(...##......####......... ......
#..........###.#.........


You could see Blork the orc (fast) and an ogre (rooted).

Vanquished Creatures
  3 orc wizards
  5 adders
  A worm (D:2)
  2 dart slugs
  18 orcs
  11 bats
  4 endoplasms
  5 giant cockroaches
  10 goblins
  6 hobgoblins
  2 quokkas
  9 ball pythons
  6 frilled lizards (D:1)
  7 kobolds
  5 rats
94 creatures vanquished.

Notes
Turn   | Place    | Note
-------+----------+-------------------------------------------
     0 | D:1      | Anon1729 the Mummy Monk began the quest for the Orb.
     0 | D:1      | Reached XP level 1. HP: 18/18 MP: 1/1
   112 | D:1      | Reached XP level 2. HP: 16/24 MP: 2/2
   483 | D:1      | Gained mutation: You are in touch with the powers of death.
                  | [Mummy growth]
   483 | D:1      | Reached XP level 3. HP: 12/29 MP: 3/3
  1442 | D:2      | Reached skill level 1 in Armour
  1686 | D:2      | Reached XP level 4. HP: 28/35 MP: 4/4
  2723 | D:3      | Found Reoc Dakk's One-of-a-Kind Rings.
  2746 | D:3      | Reached XP level 5. HP: 33/41 MP: 5/5
  3652 | D:4      | Noticed an ogre
  3734 | D:3      | HP: 2/42 [orc/+0 club (5)]
  3974 | D:4      | Noticed Blork the orc
  3989 | D:4      | Demolished by an ogre

Illustrated notes

Levels and vault maps discovered:
D:1:      dpeg_arrival_subterranean_lakeside_camping, layout_loops_ring
D:2:      layout_basic, dreamdust_wishing_well, eino_tiny_chamber
D:3:      layout_rooms, roderic_roman_lattice, nicolae_shop_unique_rings,
          nicolae_hexahallways, item_on_display_a
D:4:      layout_cave_pools, dk_rats_in_the_wall, uniq_blork_the_orc

Skill      XL: |  1  2  3  4 |
---------------+-------------+-----
Stealth        | 2 |  2.6
Armour         | 1 |  1.8
Dodging        | 3 |  3.2
Polearms       | 3 |  3.1
Fighting       | |  3.9
Shields        | |  0.9

Action                   |  1- 3 |  4- 6 || total
-------------------------+-------+-------++-------
Melee: Spear             |   176 |    78 ||   254
       Trident           |       |   143 ||   143
Evoke: Wand              |       |     3 ||     3
 Stab: Sleeping          |    10 |     1 ||    11
       Distracted        |       |     1 ||     1
Armor: Robe              |    26 |       ||    26
       Ring mail         |     3 |    62 ||    65
Dodge: Dodged            |    94 |    84 ||   178
       Repelled          |       |     5 ||     5
Block: Buckler           |       |    27 ||    27

Table legend: (Time is in decaauts)
 A = Elapsed time spent in this place.
 B = Non-inter-level travel time spent in this place.
 C = Inter-level travel time spent in this place.
 D = Time resting spent in this place.
 E = Time spent auto-exploring this place.
 F = Levels seen in this place.
 G = Mean time per level.
                   A        B        C        D        E       F      G
               +--------+--------+--------+--------+--------+-----+--------+
         Total |   4013 |   3732 |    281 |    573 |   2339 |   4 | 1003.2 |
       Dungeon |   4013 |   3732 |    281 |    573 |   2339 |   4 | 1003.2 |
               +--------+--------+--------+--------+--------+-----+--------+

Top non-repeatable levels by time:
     D:3: 1196 daAuts
     D:2: 1080 daAuts
     D:1: 1045 daAuts
     D:4: 691 daAuts
